General information
- name: BNet
- type: Ladder team game (AT/RT)
- host: Battle.net
- saver: RODSAIDONEMORE
map: Mur'gulOasis
- players: 8
- length: 43:40
- speed: Fast
- version: 1.28 W3XP
- replay type: Public
» download(255 KB)
Players
team 1 (winner)

»
ButtStabber (
teal | 94 APM | 1411 actions | 15:02)
4 Priestess of the Moon
2 Trueshot Aura
2 Searing Arrows
1 Goblin Tinker
1 Pocket Factory
» actions
| Assign group hotkey | 21 | |
| Basic commands | 121 | |
| Build / train | 77 | |
| Enter build submenu | 13 | |
| Enter hero's abilities submenu | 5 | |
| Give item / drop item | 1 | |
| Remove unit from queue | 2 | |
| Right click | 516 | |
| Select / deselect | 258 | |
| Select group hotkey | 363 | |
| Use ability | 34 | |
1411 total
» units
| Wisp | 13 | |
| Archer | 25 | |
| Druid of the Talon | 6 | |
44 total
» upgrades
| Ultravision | 1 | |
| Strength of the Moon | 2 | |
| Improved Bows | 1 | |
| Druid of the Talon Training | 2 | |
| Marksmanship | 1 | |
| Mark of the Talon | 0 | |
7 total
» buildings
| Altar of Elders | 1 | |
| Moon Well | 6 | |
| Ancient of War | 2 | |
| Tree of Ages | 3 | |
| Ancient of Wonders | 1 | |
| Hunter's Hall | 1 | |
| Tree of Eternity | 2 | |
| Ancient of Wind | 1 | |
17 total
» build order
00:05 Altar of Elders
00:17 Moon Well
00:45 Ancient of War
01:37 Ancient of War
01:54 Moon Well
02:21 Moon Well
03:54 Tree of Ages
03:55 Tree of Ages
04:27 Ancient of Wonders
05:10 Hunter's Hall
06:34 Tree of Eternity
06:34 Tree of Eternity
06:44 Ancient of Wind
06:48 Moon Well
08:42 Moon Well
10:03 Moon Well
» items
RODSAIDONEMORE (
green | 58 APM | 2535 actions | 43:40)
5 Blademaster
2 Wind Walk
2 Critical Strike
1 Bladestorm
1 Dark Ranger
1 Silence
1 Demon Hunter
1 Evasion
» actions
| Assign group hotkey | 116 | |
| Basic commands | 105 | |
| Build / train | 73 | |
| Enter build submenu | 34 | |
| Enter hero's abilities submenu | 7 | |
| Give item / drop item | 6 | |
| Right click | 955 | |
| Select / deselect | 398 | |
| Select group hotkey | 620 | |
| Use ability | 218 | |
2535 total
» units
| Peon | 21 | |
| Wind Rider | 12 | |
| Troll Batrider | 5 | |
| Wisp | 3 | |
41 total
» upgrades
| Ranged Weapons | 1 | |
| Reinforced Defenses | 1 | |
| Armor | 1 | |
3 total
» buildings
| Altar of Storms | 1 | |
| Orc Burrow | 8 | |
| War Mill | 1 | |
| Voodoo Lounge | 1 | |
| Watch Tower | 22 | |
| Stronghold | 2 | |
| Beastiary | 2 | |
| Fortress | 2 | |
| Great Hall | 1 | |
| Tree of Life | 1 | |
| Moon Well | 1 | |
42 total
» build order
00:07 Altar of Storms
00:21 Orc Burrow
00:57 War Mill
01:15 Voodoo Lounge
02:21 Watch Tower
02:27 Watch Tower
02:43 Watch Tower
03:29 Stronghold
03:33 Watch Tower
03:53 Watch Tower
04:07 Orc Burrow
04:31 Orc Burrow
04:48 Watch Tower
04:54 Orc Burrow
05:52 Beastiary
06:10 Beastiary
07:11 Fortress
07:11 Fortress
09:56 Orc Burrow
11:30 Orc Burrow
12:44 Watch Tower
15:05 Watch Tower
15:10 Watch Tower
15:10 Watch Tower
15:42 Watch Tower
15:48 Watch Tower
16:12 Watch Tower
16:34 Watch Tower
16:40 Watch Tower
18:50 Great Hall
19:19 Watch Tower
20:47 Watch Tower
22:18 Watch Tower
22:19 Watch Tower
22:19 Watch Tower
22:20 Watch Tower
22:20 Watch Tower
25:29 Tree of Life
41:19 Moon Well
41:30 Orc Burrow
41:31 Orc Burrow
» items
| Healing Salve | 3 | |
| Lesser Clarity Potion | 1 | |
| Staff of Teleportation | 1 | |
| Orb of Lightning | 1 | |
| Scroll of Town Portal | 1 | |
| Potion of Lesser Invulnerability | 1 | |
| Tiny Great Hall | 1 | |
| Dust of Appearance | 1 | |
| Boots of Speed | 1 | |
11 total
4SRTTR0LL (
orange | 43 APM | 970 actions | 22:41)
3 Demon Hunter
1 Evasion
2 Mana Burn
» actions
| Basic commands | 44 | |
| Build / train | 60 | |
| Enter build submenu | 24 | |
| Enter hero's abilities submenu | 3 | |
| Give item / drop item | 1 | |
| Right click | 359 | |
| Select / deselect | 428 | |
| Use ability | 50 | |
970 total
» units
| Wisp | 20 | |
| Huntress | 1 | |
| Glaive Thrower | 8 | |
| Hippogryph | 15 | |
44 total
» upgrades
| Ultravision | 1 | |
| Strength of the Moon | 1 | |
| Nature's Blessing | 1 | |
| Strength of the Wild | 2 | |
| Vorpal Blades | 1 | |
| Reinforced Hides | 2 | |
8 total
» buildings
| Altar of Elders | 1 | |
| Moon Well | 6 | |
| Ancient of War | 2 | |
| Hunter's Hall | 1 | |
| Ancient Protector | 9 | |
| Tree of Ages | 1 | |
| Ancient of Wonders | 1 | |
| Ancient of Wind | 2 | |
23 total
» build order
00:11 Altar of Elders
00:16 Moon Well
00:47 Ancient of War
01:43 Ancient of War
02:02 Hunter's Hall
02:32 Moon Well
03:10 Moon Well
03:31 Ancient Protector
03:42 Ancient Protector
04:01 Ancient Protector
04:30 Ancient Protector
04:46 Moon Well
05:07 Ancient Protector
06:40 Ancient Protector
06:52 Tree of Ages
09:09 Ancient of Wonders
10:40 Ancient of Wind
10:47 Ancient of Wind
11:18 Ancient Protector
11:22 Ancient Protector
11:27 Ancient Protector
15:48 Moon Well
15:52 Moon Well
» items
| Boots of Speed | 1 | |
| Potion of Lesser Invulnerability | 1 | |
| Staff of Teleportation | 1 | |
3 total
OopsParty (
purple | 73 APM | 1329 actions | 18:09)
1 Goblin Tinker
1 Pocket Factory
» actions
| Assign group hotkey | 19 | |
| Basic commands | 28 | |
| Build / train | 69 | |
| ESC pressed | 12 | |
| Enter build submenu | 36 | |
| Enter hero's abilities submenu | 1 | |
| Right click | 517 | |
| Select / deselect | 458 | |
| Select group hotkey | 105 | |
| Use ability | 84 | |
1329 total
» units
| Peasant | 24 | |
| Gryphon Rider | 10 | |
| Dragonhawk Rider | 4 | |
38 total
» upgrades
| Masonry | 1 | |
| Lumber Harvesting | 1 | |
| Storm Hammers | 1 | |
| Cloud | 1 | |
| Armor | 2 | |
| Swords | 1 | |
7 total
» buildings
| Lumber Mill | 1 | |
| Scout Tower | 14 | |
| Farm | 11 | |
| Altar of Kings | 1 | |
| Guard Tower | 13 | |
| Barracks | 2 | |
| Keep | 1 | |
| Castle | 2 | |
| Gryphon Aviary | 3 | |
| Arcane Vault | 1 | |
| Blacksmith | 1 | |
50 total
» build order
00:43 Lumber Mill
01:28 Scout Tower
01:53 Scout Tower
02:07 Farm
02:24 Scout Tower
02:51 Altar of Kings
03:20 Scout Tower
03:41 Farm
03:43 Guard Tower
04:15 Scout Tower
04:59 Scout Tower
05:01 Barracks
05:31 Keep
05:34 Scout Tower
05:37 Scout Tower
05:40 Guard Tower
06:04 Barracks
06:05 Guard Tower
06:08 Farm
06:13 Scout Tower
06:19 Farm
07:19 Guard Tower
07:25 Scout Tower
07:42 Farm
07:48 Scout Tower
07:53 Guard Tower
07:54 Scout Tower
08:24 Guard Tower
08:27 Guard Tower
08:53 Farm
08:56 Scout Tower
08:58 Scout Tower
09:25 Guard Tower
09:25 Guard Tower
09:27 Guard Tower
09:34 Farm
10:05 Castle
10:13 Gryphon Aviary
10:26 Gryphon Aviary
11:02 Gryphon Aviary
11:48 Arcane Vault
14:12 Blacksmith
15:55 Farm
15:56 Farm
17:17 Farm
17:18 Farm
» items
team 2 (loser)
PASTMYBEDTIME (
blue | 53 APM | 2284 actions | 43:25)
9 Blademaster
3 Wind Walk
3 Critical Strike
1 Bladestorm
2 Mirror Image
» actions
| Assign group hotkey | 42 | |
| Basic commands | 217 | |
| Build / train | 75 | |
| Enter build submenu | 52 | |
| Enter hero's abilities submenu | 10 | |
| Give item / drop item | 5 | |
| Remove unit from queue | 1 | |
| Right click | 901 | |
| Select / deselect | 414 | |
| Select group hotkey | 376 | |
| Use ability | 191 | |
2284 total
» units
| Peon | 17 | |
| Grunt | 6 | |
| Troll Batrider | 12 | |
| Wind Rider | 4 | |
39 total
» upgrades
| Ranged Weapons | 3 | |
| Liquid Fire | 1 | |
| Troll Regeneration | 1 | |
| Masonry | 1 | |
| Reinforced Defenses | 1 | |
| Armor | 2 | |
9 total
» buildings
| Orc Burrow | 4 | |
| Altar of Storms | 3 | |
| Barracks | 1 | |
| Voodoo Lounge | 1 | |
| Stronghold | 1 | |
| War Mill | 2 | |
| Beastiary | 4 | |
| Fortress | 1 | |
| Watch Tower | 23 | |
| Scout Tower | 6 | |
| Lumber Mill | 1 | |
| Arcane Tower | 1 | |
| Great Hall | 11 | |
| Guard Tower | 1 | |
60 total
» build order
00:12 Orc Burrow
00:51 Altar of Storms
01:03 Orc Burrow
01:06 Barracks
01:43 Voodoo Lounge
02:50 Stronghold
04:11 War Mill
04:15 Orc Burrow
05:16 Beastiary
05:17 Beastiary
05:25 Beastiary
05:28 Orc Burrow
07:00 Fortress
08:53 Watch Tower
08:54 Watch Tower
08:55 Watch Tower
08:56 Watch Tower
11:03 Scout Tower
11:03 Scout Tower
11:04 Scout Tower
11:04 Scout Tower
11:06 Lumber Mill
11:52 Arcane Tower
14:23 Great Hall
14:29 Great Hall
14:32 Watch Tower
14:32 Watch Tower
14:33 Watch Tower
14:34 Watch Tower
14:40 Scout Tower
14:42 Scout Tower
15:08 War Mill
15:12 Guard Tower
15:47 Watch Tower
15:47 Watch Tower
16:20 Great Hall
23:31 Great Hall
23:34 Watch Tower
23:34 Watch Tower
23:35 Watch Tower
23:35 Watch Tower
23:36 Watch Tower
23:36 Watch Tower
23:36 Watch Tower
23:36 Watch Tower
23:37 Watch Tower
23:38 Watch Tower
23:38 Watch Tower
23:38 Watch Tower
24:33 Beastiary
36:28 Altar of Storms
36:30 Altar of Storms
36:36 Great Hall
38:07 Great Hall
39:32 Great Hall
41:42 Great Hall
42:10 Great Hall
43:07 Great Hall
43:09 Great Hall
» items
| Healing Salve | 3 | |
| Lesser Clarity Potion | 1 | |
| Scroll of Town Portal | 1 | |
| Orb of Corruption | 1 | |
| Periapt of Vitality | 1 | |
| Staff of Teleportation | 1 | |
| Dust of Appearance | 2 | |
| Potion of Healing | 1 | |
| Potion of Mana | 1 | |
12 total
THRAPEOF4SNOOBS (
pink | 129 APM | 5616 actions | 43:25)
6 Blademaster
3 Wind Walk
2 Critical Strike
1 Bladestorm
3 Tauren Chieftain
2 War Stomp
1 Endurance Aura
» actions
| Assign group hotkey | 107 | |
| Basic commands | 243 | |
| Build / train | 129 | |
| ESC pressed | 4 | |
| Enter build submenu | 34 | |
| Enter hero's abilities submenu | 9 | |
| Give item / drop item | 4 | |
| Right click | 1812 | |
| Select / deselect | 644 | |
| Select group hotkey | 2448 | |
| Use ability | 182 | |
5616 total
» units
| Peon | 12 | |
| Grunt | 9 | |
| Wind Rider | 1 | |
| Troll Headhunter/Berserker | 8 | |
| Kodo Beast | 2 | |
| Raider | 5 | |
| Tauren | 3 | |
| Shaman | 4 | |
| Demolisher | 2 | |
| Troll Witch Doctor | 2 | |
48 total
» upgrades
| Berserker Strength | 1 | |
| Armor | 3 | |
| Reinforced Defenses | 1 | |
| Berserker Upgrade | 1 | |
| War Drums Damage Increase | 1 | |
| Ensnare | 1 | |
| Ranged Weapons | 3 | |
| Melee Weapons | 3 | |
| Pillage | 1 | |
| Pulverize | 1 | |
| Shaman Training | 2 | |
| Witch Doctor Training | 2 | |
| Troll Regeneration | 1 | |
| Spiked Barricades | 2 | |
23 total
» buildings
| Orc Burrow | 7 | |
| Altar of Storms | 1 | |
| Barracks | 1 | |
| Voodoo Lounge | 1 | |
| Stronghold | 4 | |
| War Mill | 1 | |
| Fortress | 4 | |
| Beastiary | 2 | |
| Watch Tower | 12 | |
| Spirit Lodge | 1 | |
| Tauren Totem | 1 | |
| Great Hall | 2 | |
37 total
» build order
00:06 Orc Burrow
00:45 Orc Burrow
00:53 Altar of Storms
01:22 Barracks
01:41 Voodoo Lounge
02:09 Orc Burrow
04:31 Stronghold
04:31 Stronghold
04:31 Stronghold
05:10 War Mill
05:30 Orc Burrow
07:02 Fortress
07:03 Fortress
07:03 Fortress
07:06 Beastiary
07:07 Beastiary
07:19 Watch Tower
07:23 Watch Tower
07:45 Watch Tower
09:03 Watch Tower
09:10 Watch Tower
09:11 Watch Tower
13:52 Spirit Lodge
14:27 Tauren Totem
15:25 Orc Burrow
15:30 Orc Burrow
17:17 Watch Tower
17:22 Watch Tower
17:25 Watch Tower
17:28 Great Hall
18:25 Watch Tower
18:26 Watch Tower
18:34 Watch Tower
19:38 Orc Burrow
25:25 Great Hall
» items
| Healing Salve | 5 | |
| Lesser Clarity Potion | 3 | |
| Boots of Speed | 4 | |
| Circlet of Nobility | 2 | |
| Orb of Lightning | 2 | |
| Scroll of Healing | 1 | |
| Staff of Teleportation | 2 | |
| Tiny Great Hall | 1 | |
| Periapt of Vitality | 1 | |
21 total
[[[[ (
red | 107 APM | 1158 actions | 10:51)
2 Mountain King
1 Storm Bolt
1 Bash
» actions
| Assign group hotkey | 41 | |
| Basic commands | 42 | |
| Build / train | 42 | |
| ESC pressed | 4 | |
| Enter build submenu | 14 | |
| Enter hero's abilities submenu | 2 | |
| Right click | 477 | |
| Select / deselect | 163 | |
| Select group hotkey | 288 | |
| Use ability | 85 | |
1158 total
» units
» upgrades
» buildings
| Altar of Kings | 1 | |
| Farm | 7 | |
| Blacksmith | 2 | |
| Barracks | 3 | |
| Keep | 5 | |
18 total
» build order
00:07 Altar of Kings
00:09 Farm
00:42 Farm
02:43 Blacksmith
03:29 Blacksmith
03:31 Barracks
03:40 Barracks
03:49 Barracks
03:58 Farm
05:04 Farm
05:11 Farm
06:16 Farm
07:47 Keep
07:47 Keep
07:48 Keep
07:48 Keep
gila17 (
yellow | 24 APM | 1053 actions | 43:25)
5 Death Knight
2 Death Coil
3 Unholy Aura
6 Lich
3 Frost Armor
3 Frost Nova
» actions
| Assign group hotkey | 24 | |
| Basic commands | 487 | |
| Build / train | 51 | |
| Enter build submenu | 21 | |
| Enter hero's abilities submenu | 11 | |
| Give item / drop item | 1 | |
| Right click | 62 | |
| Select / deselect | 196 | |
| Select group hotkey | 149 | |
| Use ability | 51 | |
1053 total
» units
| Acolyte | 5 | |
| Ghoul | 4 | |
| Crypt Fiend | 7 | |
| Frost Wyrm | 3 | |
| Obsidian Statue | 3 | |
22 total
» upgrades
| Web | 1 | |
| Creature Attack | 3 | |
| Creature Carapace | 3 | |
| Freezing Breath | 1 | |
| Destroyer Form | 1 | |
9 total
» buildings
| Crypt | 1 | |
| Graveyard | 1 | |
| Ziggurat | 9 | |
| Altar of Darkness | 1 | |
| Nerubian Tower | 1 | |
| Halls of the Dead | 1 | |
| Spirit Tower | 2 | |
| Tomb of Relics | 1 | |
| Black Citadel | 1 | |
| Sacrificial Pit | 1 | |
| Boneyard | 3 | |
| Town Hall | 1 | |
| Slaughterhouse | 2 | |
25 total
» build order
00:15 Crypt
00:21 Graveyard
00:40 Ziggurat
01:13 Altar of Darkness
02:17 Ziggurat
02:39 Ziggurat
03:01 Nerubian Tower
04:54 Halls of the Dead
04:58 Spirit Tower
05:13 Ziggurat
06:11 Tomb of Relics
07:29 Black Citadel
08:10 Sacrificial Pit
09:46 Spirit Tower
11:08 Boneyard
11:11 Boneyard
11:15 Ziggurat
11:17 Ziggurat
11:18 Ziggurat
12:16 Boneyard
12:31 Ziggurat
12:33 Ziggurat
14:12 Town Hall
14:20 Slaughterhouse
14:23 Slaughterhouse
» items
| Scroll of Town Portal | 1 | |
| Orb of Corruption | 1 | |
2 total
Chat log
(01:17 / All) THRAPEOF4SNOOBS: good rush purple
(01:22 / All) PASTMYBEDTIME: whatta party poopah
(04:33 / All) PASTMYBEDTIME: puyrple = fart knocker
(10:36 / All) 4SRTTR0LL: faggot tker
(10:39 / All) RODSAIDONEMORE: oj tked
(10:43 / All) THRAPEOF4SNOOBS: red is tker
(10:44 / All) THRAPEOF4SNOOBS: he tked blue
(10:46 / All) [[[[: BLUE IS MASS BATS SO DONT MAKE AIR
(10:49 / All) [[[[: GG~
(13:26 / All) PASTMYBEDTIME: mher?
(13:50 / All) PASTMYBEDTIME: whoops
(14:36 / All) ButtStabber: wow green is tker
(14:39 / All) ButtStabber: what a faggot
(14:45 / All) 4SRTTR0LL: told u teal
(14:48 / All) 4SRTTR0LL: he tked me
(15:02 / All) 4SRTTR0LL: purp we kill green
(15:14 / Allies) RODSAIDONEMORE: teal tekd me
(15:16 / All) RODSAIDONEMORE: purple
(15:23 / Allies) RODSAIDONEMORE: he tped to my base and tked me lol
(15:24 / All) 4SRTTR0LL: purp
(15:27 / All) RODSAIDONEMORE: orange stfu lawl
(15:30 / All) RODSAIDONEMORE: idiot
(15:34 / All) PASTMYBEDTIME: lawl
(15:39 / All) 4SRTTR0LL: green is a troll and working with pink/blue
(18:08 / All) PASTMYBEDTIME: GENIUS
(18:12 / All) THRAPEOF4SNOOBS: LOL
(18:14 / All) PASTMYBEDTIME: mher lol
(18:25 / All) RODSAIDONEMORE: orange is a dumb niger seriously
(18:28 / All) RODSAIDONEMORE: so paranoid about me
(18:31 / All) RODSAIDONEMORE: like last game too
(18:40 / All) 4SRTTR0LL: troll alert same faggot tker from earlier
(18:43 / All) 4SRTTR0LL: go kill urself
(19:03 / All) PASTMYBEDTIME: purple was mher
(19:40 / Allies) RODSAIDONEMORE: u have no chance oj. my 2 friends wont let you have your way
(19:47 / All) PASTMYBEDTIME: purple tried to net half my bats lol
(19:52 / All) PASTMYBEDTIME: and thought he would win that fight
(21:44 / All) RODSAIDONEMORE: oj with another fail tk
(22:29 / All) RODSAIDONEMORE: oj baddie
(22:43 / All) RODSAIDONEMORE: niec tp rofl
(23:02 / All) RODSAIDONEMORE: this game was gay
(24:00 / All) RODSAIDONEMORE: this is dumb gila again
(26:02 / All) PASTMYBEDTIME: gila it';s us
(26:05 / All) PASTMYBEDTIME: ur old pals
(26:12 / All) THRAPEOF4SNOOBS: why did you abandon us, gila
(26:53 / All) gila17: remind me how this works
(26:57 / All) gila17: who wins???
(27:08 / All) PASTMYBEDTIME: not u
(27:10 / All) PASTMYBEDTIME: because u abandoned us
(27:13 / All) PASTMYBEDTIME: and hurt our feelings
(27:21 / All) gila17: when did I do that?
(27:31 / All) PASTMYBEDTIME: dont play ignorant
(27:46 / All) gila17: today or different day?
(27:49 / All) PASTMYBEDTIME: you thought we were squares but were gonna show u
(27:50 / All) THRAPEOF4SNOOBS: lol
(27:53 / All) THRAPEOF4SNOOBS: gila doesn't even remember us
(27:54 / All) PASTMYBEDTIME: we are the coolest, daddio
(27:56 / All) THRAPEOF4SNOOBS: damn that's painful
(28:32 / All) RODSAIDONEMORE: orange ruined this game cuz he knew from start who we were
(28:48 / All) PASTMYBEDTIME: red tried to stab me lawl
(28:52 / All) PASTMYBEDTIME: I ran out of gold repairing
(28:55 / All) THRAPEOF4SNOOBS: for no reason too
(29:07 / All) PASTMYBEDTIME: it was because I asked him if he had a low IQ
(29:08 / All) RODSAIDONEMORE: we faced himb efore
(29:09 / All) gila17: i gave you gold
(29:20 / All) gila17: i would not have had I known better
(29:33 / All) THRAPEOF4SNOOBS: Gila you know how this works
(29:41 / All) THRAPEOF4SNOOBS: you can leave and get a tie, or stay and get a loss
(29:44 / All) RODSAIDONEMORE: im not sure she does
(30:00 / All) RODSAIDONEMORE: play the president challenge with her
(30:03 / All) gila17: someone has to win, right?
(30:10 / All) THRAPEOF4SNOOBS: yes, and it won't be you
(30:20 / All) PASTMYBEDTIME: Gila name your top 10 fave movies
(30:21 / All) gila17: i can just go to sleep
(30:24 / All) PASTMYBEDTIME: If your list is good we might spare you
(30:27 / All) gila17: okay, I will play
(30:37 / All) gila17: Pulp Fiction
(30:41 / All) gila17: jackie Brown
(30:43 / All) PASTMYBEDTIME: Ya lost already
(30:46 / All) gila17: True Romance
(30:50 / All) PASTMYBEDTIME: Ya lost already
(30:53 / All) gila17: Reservoir Dogs
(30:54 / All) RODSAIDONEMORE: who is the only president to serve 2 terms non consecutively
(30:59 / All) gila17: Kill Bill
(31:06 / All) gila17: Kill Bill 2
(31:11 / All) PASTMYBEDTIME: Tarantino's only good movie is Reservoir dogs
(31:14 / All) RODSAIDONEMORE: pulp fiction rofl
(31:17 / All) PASTMYBEDTIME: he ripped if off from chinks
(32:31 / All) RODSAIDONEMORE: gila, are you really a girl
(32:50 / All) PASTMYBEDTIME: yes
(32:52 / All) PASTMYBEDTIME: a G.I.R.L.
(33:10 / All) THRAPEOF4SNOOBS: probably a tranny
(33:16 / All) THRAPEOF4SNOOBS: if I had to place my bets
(34:09 / All) RODSAIDONEMORE: gila do you like diaper porn
(34:26 / All) THRAPEOF4SNOOBS: that's the sort of question only jake would naturally come up with
(35:00 / All) gila17: why dont you dudes go chat up a chick instead of doing this shit?
(35:03 / All) gila17: :)
(35:11 / All) RODSAIDONEMORE: ur the one still in the game lol
(35:29 / All) gila17: yeah, you have dragged me down to your level :)
(35:35 / All) THRAPEOF4SNOOBS: maybe it is a girl, jumps right to saying if you do something in war3 you must not get any
(35:48 / All) RODSAIDONEMORE: how often do you breastfeed
(35:56 / All) gila17: i didnt say that at all
(36:01 / All) gila17: dont know if you get any or not
(36:09 / All) gila17: but you could be getting some *now*
(36:11 / All) PASTMYBEDTIME: I think this is an imposter
(36:13 / All) gila17: instead you are doing this shit
(36:20 / All) PASTMYBEDTIME: This is a gila imposter
(36:33 / All) THRAPEOF4SNOOBS: yeah and you could be doing something else now what's your point
(36:45 / All) gila17: got some yesterday
(36:48 / All) gila17: long story
(36:59 / All) PASTMYBEDTIME: Guys this is a gila imposter
(37:03 / All) THRAPEOF4SNOOBS: why aren't you getting some right now rather than play war3
(37:03 / All) gila17: involved driving 80 miles one way, then back
(37:10 / All) RODSAIDONEMORE: ur a chick tho
(37:12 / All) THRAPEOF4SNOOBS: wow must take you a lot of effort to get laid
(37:13 / All) RODSAIDONEMORE: u dont do the driving
(37:23 / All) THRAPEOF4SNOOBS: ldr?
(37:31 / All) gila17: as I said...it's a long story
(37:36 / All) THRAPEOF4SNOOBS: tell us
(37:43 / All) PASTMYBEDTIME: GOTHEEM
(38:02 / All) PASTMYBEDTIME: GOTHEEM
(38:47 / All) gila17: lol..LEVEL 1
(41:29 / All) gila17: clue me in next time?
(41:29 / All) THRAPEOF4SNOOBS: end it
(41:50 / All) RODSAIDONEMORE: i take a shoewr after this
(42:23 / All) THRAPEOF4SNOOBS: anything to say for yourself, gila?
(42:32 / All) gila17: clue me in next time
(42:36 / All) gila17: i wanna play too
(42:41 / All) PASTMYBEDTIME: *finger wags*
(42:53 / All) gila17: asshole :(
(43:09 / All) RODSAIDONEMORE: end it i want to shower go to bed